 Dungeon Crawl Stone Soup version 0.30-a0-1082-g70414cbcbb (webtiles) character file.

Game seed: 12152575400206803133

1482 kae the Severer (level 8, -7/64 HPs)
             Began as a Hill Orc Fighter on Apr 15, 2023.
             Mangled by Pikel
             ... wielding a +0 whip of electrocution
              (15 damage)
             ... on level 4 of the Dungeon.
             The game lasted 00:05:42 (4125 turns).

kae the Severer (Hill Orc Fighter)                  Turns: 4125, Time: 00:05:42

Health: -7/64      AC: 14    Str: 21    XL:     8   Next: 79%
Magic:  8/8        EV:  9    Int:  8    God:
Gold:   134        SH:  8    Dex: 10    Spells: 7/7 levels left

rFire   . . .      SeeInvis .    a - +1 war axe
rCold   + . .      Faith    .    i - +4 buckler of Okawaru's Whim {rPois rN+ Will+}
rNeg    + . .      Spirit   .    b - +0 scale mail
rPois   +          Reflect  .    r - +1 helmet
rElec   .          Rampage  .    y - +0 cloak
rCorr   +                        (no gloves)
Will    +....                    (no boots) Stlth
                                 (no amulet)
HPRegen 0.30/turn                O - +4 ring of protection
MPRegen 0.11/turn                R - ring of resist corrosion

@: studying 2 skills
A: cold resistance 1, sturdy frame 1
a: no special abilities


You were on level 4 of the Dungeon.
You visited 2 branches of the dungeon, and saw 7 of its levels.
You also visited: Ossuary.

You collected 283 gold pieces.
You spent 149 gold pieces at shops.


Innate Abilities, Weirdness & Mutations

Your flesh is cold resistant. (rC+)
Your movements are slightly less encumbered by armour. (ER -2)


   Skills:
 - Level 3.6 Fighting
 + Level 15.6 Axes
 - Level 3.2 Armour
 - Level 3.2 Shields


You had 7 spell levels left.
You didn't know any spells.
Your spell library contained the following spells:

 Spells                   Type           Power      Damage    Failure   Level
 Sandblast                Erth           0%         2d4       73%         1
 Shock                    Conj/Air       0%         1d3       73%         1
 Summon Small Mammal      Summ           0%         N/A       73%         1
 Ensorcelled Hibernation  Hex/Ice        0%         N/A       86%         2
 Passwall                 Tmut/Erth      0%         N/A       86%         2
 Call Canine Familiar     Summ           0%         N/A       97%         3
 Spider Form              Tmut/Pois      0%         N/A       97%         3
 Stone Arrow              Conj/Erth      0%         3d7       97%         3
 Summon Guardian Golem    Hex/Summ       0%         N/A       97%         3
 Swiftness                Air            0%         N/A       97%         3
 Airstrike                Air            0%         2d(0-16)  100%        4
 Anguish                  Hex/Necr       0%         N/A       100%        4

Inventory:

Hand Weapons
 a - a +1 war axe (weapon)
Missiles
 l - 27 stones (quivered)
 s - 8 poisoned darts
Armour
 b - a +0 scale mail (worn)
 c - a +0 buckler
 i - the +4 buckler of Okawaru's Whim (worn) {rPois rN+ Will+}
   (You acquired it on level 4 of the Dungeon)

   rPois:     It protects you from poison.
   rN:        It protects you from negative energy.
   Will:      It increases your willpower.
 r - a +1 helmet (worn)
   (You found it on level 2 of the Dungeon)
 y - a +0 cloak (worn)
   (You took it off Crazy Yiuf on level 2 of the Dungeon)
Jewellery
 C - a ring of protection from cold
   (You found it on level 3 of the Dungeon)
 O - a +4 ring of protection (left hand)
   (You found it on level 4 of the Dungeon)
 R - a ring of resist corrosion (right hand)
   (You found it on level 4 of the Dungeon)
Scrolls
 e - 6 scrolls of identify {@r1}
 f - a scroll of amnesia
 g - a scroll of poison {!r}
 j - 2 scrolls of blinking {!r}
 m - 2 scrolls of fear
 n - 2 scrolls of teleportation {@r4}
 q - a scroll of noise {!r}
Potions
 h - 2 potions of flight
 k - a potion of mutation {!q}
 u - 2 potions of brilliance

Dungeon Overview and Level Annotations

Branches:
Dungeon (6/15) Zot: 26437  Temple (1/1) D:6 Zot: 5972 Ossuary (visited)

Altars:
Cheibriados
Dithmenos
Elyvilon
Fedhas
Gozag
Hepliaklqana
Kikubaaqudgha
Nemelex Xobeh
Okawaru
Trog
Uskayaw
Vehumet
Xom
Zin
The Shining One

Shops:
D:1 *   D:2 *

Annotations:
D:4 Pikel

###.....#...##...
##.........####
#...........#
##...........
###............
#......#......#
#....##........
##..##.....$.##
### #.@.....#
#..K......#
#.........#
#....?.....
........###
##...##...# #...#
..... ..... .....


You could see Pikel (berserk).


Message History

Pikel goes berserk!
The lemure hits you but does no damage. The lemure closely misses you.
You hit the lemure but do no damage. You hit Pikel but do no damage.
You slash the lemure! You hit the lemure. You block Pikel's attack.
You block the lemure's attack.
The lemure hits you but does no damage. x2 😕 HP[+1]
You hit Pikel.
You hit the lemure. x2; You barely miss the lemure.
You hit the lemure. Pikel barely misses you.
You hit Pikel but do no damage. You hit the lemure.
You completely miss the lemure. You slash the lemure!
You kill the lemure!
That felt strangely unrewarding.
You barely miss the lemure. Pikel closely misses you.
The lemure hits you but does no damage. The lemure closely misses you.
The lemure hits you but does no damage.
Unknown command.
You barely miss Pikel. You closely miss the lemure. You hit the lemure. x2
You block Pikel's attack.
The lemure hits you but does no damage. x2
The lemure hits you.
Pikel hits you with a +0 whip of electrocution. 😕 HP[-3]
You take 3 damage, and now have 50/64 hp.
You hit Pikel. You closely miss the lemure. x3
Pikel hits you with a +0 whip of electrocution.
The lemure hits you but does no damage. The lemure hits you.
The lemure barely misses you. 😮 HP[-3]
You take 3 damage, and now have 47/64 hp.
Unknown command.
You closely miss Pikel. You slash the lemure!
You hit the lemure but do no damage. You barely miss the lemure.
Pikel hits you but does no damage.
You barely miss Pikel. You hit the lemure. You barely miss the lemure.
You hit the lemure.
The lemure hits you. x3; Pikel barely misses you. 😮 HP[-5]
You take 5 damage, and now have 42/64 hp.
You hit Pikel. You closely miss the lemure. You hit the lemure.
You slash the lemure!
You kill the lemure!
That felt strangely unrewarding.
Pikel closely misses you. The lemure hits you. x2 😮 HP[-4]
You take 4 damage, and now have 38/64 hp.
Unknown command.
You hit Pikel but do no damage. You miss the lemure. You slash the lemure!
You kill the lemure!
That felt strangely unrewarding.
Pikel hits you with a +0 whip of electrocution!
* * * LOW HITPOINT WARNING * * *
The lemure hits you.
* * * LOW HITPOINT WARNING * * *
😨 HP[-10]
You take 10 damage, and now have 28/64 hp.
You barely miss Pikel. You closely miss the lemure. You block Pikel's attack.
The lemure hits you.
* * * LOW HITPOINT WARNING * * *
😨 HP[-1]
You take 1 damage, and now have 27/64 hp.
Unknown command.
You slash Pikel! You hit the lemure. You block Pikel's attack.
Pikel hits you but does no damage.
You miss Pikel. You hit the lemure.
You kill the lemure!
That felt strangely unrewarding.
Pikel hits you but does no damage.
You slash Pikel! Pikel closely misses you. 😨 HP[+1]
You hit Pikel. Pikel hits you but does no damage.
You hit Pikel but do no damage. Pikel hits you but does no damage.
You hit Pikel but do no damage. You block Pikel's attack.
You miss Pikel.
Pikel hits you with a +0 whip of electrocution.
* * * LOW HITPOINT WARNING * * *
Pikel barely misses you. 😨 HP[-5]
You take 5 damage, and now have 23/64 hp.
You hit Pikel. Pikel hits you but does no damage.
You are electrocuted!
* * * LOW HITPOINT WARNING * * *
You closely miss Pikel.
Pikel hits you with a +0 whip of electrocution.
* * * LOW HITPOINT WARNING * * *
😱 HP[-15]
You take 15 damage, and now have 8/64 hp.
MASSIVE DAMAGE!! (PAUSE)
You feel much better.
Pikel hits you with a +0 whip of electrocution.
You are electrocuted!
* * * LOW HITPOINT WARNING * * *
😨 HP[+16]
You regained 16 hp, and now have 24/64 hp.
You slash Pikel!
Pikel hits you with a +0 whip of electrocution!
* * * LOW HITPOINT WARNING * * *
Pikel hits you but does no damage.
You are electrocuted!
* * * LOW HITPOINT WARNING * * *
😱 HP[-16]
You take 16 damage, and now have 8/64 hp.
MASSIVE DAMAGE!! (PAUSE)
You slash Pikel!
Pikel hits you with a +0 whip of electrocution!
You die...

Skill      XL: |  1  2  3  4  5  6  7  8 |
---------------+-------------------------+-----
Axes           | 3 4 5 8 9 11 15 | 15.6
Fighting       | |  3.6
Armour         | |  3.2
Shields        | |  3.2

Action                     |  1- 3 |  4- 6 |  7- 9 || total
---------------------------+-------+-------+-------++-------
  Melee: War axe           |   106 |    74 |   262 ||   442
    Use: Potion            |       |     1 |    15 ||    16
         Scroll            |       |     1 |    13 ||    14
 Armour: Scale mail        |    42 |    29 |   126 ||   197
  Dodge: Dodged            |    49 |    30 |   106 ||   185
  Block: Buckler           |    24 |    17 |    67 ||   108

Levels and vault maps discovered:
D:1:      lightli_arrival_isolated_outpost, layout_basic, serial_shops,
          nicolae_shop_overgrown_old_shop, kennysheep_flooded_box
D:2:      layout_rooms, basic_altar, serial_shops, nicolae_shop_rolling_square,
          amcnicky_mini_rare_corridor_liquid, uniq_crazy_yiuf_cottage
D:3:      layout_loops_ring, chequers_ecumenical_altar_grove, uniq_grinder,
          uniq_natasha
D:4:      layout_cave_pools, enter_ossuary_5, uniq_menkaure, uniq_pikel
D:5:      layout_loops_ring, evilmike_ruin_ashenzari, serial_demonic,
          serial_demonic_d, serial_demonic_f, serial_demonic_a, serial_demonic_d
D:6:      layout_layer_cave, nicolae_wu_jian_glorious_leap,
          nicolae_ru_the_path_less_chosen, mainiacjoe_overflow_large_starburst,
          yredelemnul_forgotten_temple_becter, minmay_temple_entry_antechambers,
          minmay_misc_feat_more_columns, hangedman_decor_lopped,
          uniq_blork_the_orc
Temple:   hellmonk_temple_divided_pantheon

Notes
Turn   | Place    | Note
-------+----------+-------------------------------------------
     0 | D:1      | kae the Hill Orc Fighter began the quest for the Orb.
     0 | D:1      | Reached XP level 1. HP: 19/19 MP: 1/1
     0 | D:1      | magus.rc [v1.11.3]
    38 | D:1      | Reached skill level 3 in Axes
   188 | D:1      | Reached XP level 2. HP: 26/26 MP: 2/2
   246 | D:1      | Found Zuvamp's Assorted Antiques.
   332 | D:1      | Reached skill level 4 in Axes
   755 | D:2      | Found a blossoming altar of Fedhas.
   838 | D:2      | Reached XP level 3. HP: 31/31 MP: 3/3
   937 | D:2      | Found Ysodehi's Assorted Antiques.
   943 | D:2      | Bought a bubbling green potion for 27 gold pieces
  1039 | D:2      | Reached skill level 5 in Axes
  1130 | D:2      | Found a runed translucent door.
  1131 | D:2      | Noticed Crazy Yiuf
  1619 | D:3      | Found a faded altar of an unknown god.
  1664 | D:3      | Noticed Grinder
  1666 | D:3      | Reached XP level 4. HP: 34/39 MP: 4/4
  1673 | D:3      | Killed Grinder
  1674 | D:3      | Reached skill level 8 in Axes
  1674 | D:3      | Reached XP level 5. HP: 18/45 MP: 5/5
  1674 | D:3      | Reached XP level 6. HP: 20/51 MP: 6/6
  1678 | D:3      | Noticed Natasha
  1977 | D:3      | HP: 8/51 [ogre/+0 giant spiked club (10)]
  2188 | D:3      | Reached skill level 9 in Axes
  2240 | D:3      | Killed Natasha
  2550 | D:1      | Bought a dark potion for 22 gold pieces
  2550 | D:1      | Bought a scroll labelled IDER ADOSSEER for 25 gold pieces
  2550 | D:1      | Bought a scroll labelled POMAFEE JYOMP for 25 gold pieces
  2550 | D:1      | Bought a scroll labelled BEETIS CAC for 25 gold pieces
  2550 | D:1      | Bought a scroll labelled POMAFEE JYOMP for 25 gold pieces
  2629 | D:2      | Killed Crazy Yiuf
  2745 | D:4      | Noticed a black bear
  2745 | D:4      | You fall into a shaft and drop 2 floors!
  2838 | D:6      | Reached XP level 7. HP: 57/57 MP: 7/7
  2859 | D:6      | Reached skill level 10 in Axes
  2947 | D:6      | Found a staircase to the Ecumenical Temple.
  2956 | Temple   | Entered the Ecumenical Temple
  2956 | Temple   | Found a transporter.
  2956 | Temple   | Found a transporter.
  2958 | Temple   | Found a transporter.
  2958 | Temple   | Found a transporter.
  3010 | D:6      | You pick up a book of Callings and begin reading...
  3010 | D:6      | You add the spells Summon Small Mammal, Call Canine
                  | Familiar and Summon Guardian Golem to your library.
  3015 | D:6      | Found a radiant altar of Vehumet.
  3096 | D:6      | Found a hazy altar of Hepliaklqana.
  3097 | D:6      | You pick up a book of Dreams and begin reading...
  3097 | D:6      | You add the spells Ensorcelled Hibernation, Spider Form and
                  | Anguish to your library.
  3137 | D:5      | Entered Level 5 of the Dungeon
  3166 | D:5      | Reached skill level 11 in Axes
  3182 | D:5      | Reached XP level 8. HP: 42/64 MP: 8/8
  3251 | D:4      | Noticed Menkaure
  3252 | D:4      | Gained mutation: Armour fits poorly on your strangely
                  | shaped body. [potion of mutation]
  3278 | D:5      | Lost mutation: Armour fits poorly on your strangely shaped
                  | body. [potion of mutation]
  3278 | D:5      | Gained mutation: Your movements are slightly less
                  | encumbered by armour. (ER -2) [potion of mutation]
  3278 | D:5      | Gained mutation: Your flesh is cold resistant. (rC+)
                  | [potion of mutation]
  3305 | D:4      | Identified 3 scrolls of acquirement
  3305 | D:4      | Acquired a manual of Axes
  3376 | D:4      | Found a sand-covered staircase.
  3380 | Ossuary  | Entered an ossuary
  3428 | Ossuary  | Reached skill level 12 in Axes
  3616 | Ossuary  | Reached skill level 13 in Axes
  3802 | D:4      | Reached skill level 14 in Axes
  3822 | D:4      | You pick up a book of Air and begin reading...
  3822 | D:4      | You add the spells Shock, Swiftness and Airstrike to your
                  | library.
  3823 | D:4      | Acquired a manual of Armour
  3825 | D:4      | Acquired the +4 buckler of Okawaru's Whim {rPois rN+ Will+}
  3957 | D:4      | Killed Menkaure
  3958 | D:4      | Reached skill level 15 in Axes
  3966 | D:4      | You pick up a book of Geomancy and begin reading...
  3966 | D:4      | You add the spells Sandblast, Passwall and Stone Arrow to
                  | your library.
  4074 | D:4      | You pick up a book of Geomancy and begin reading...
  4094 | D:4      | Noticed Pikel
  4121 | D:4      | HP: 12/64 [Pikel/+0 whip of electrocution (11)]
  4125 | D:4      | Mangled by Pikel

Vanquished Creatures
  Grinder (D:3)
  Menkaure (D:4)
  A black bear (D:4)
  An ogre (D:3)
  4 lemures (D:4)
  An elf zombie (Ossuary)
  A bullfrog (D:6)
  2 scorpions
  2 centaur zombies (Ossuary)
  A jelly (D:5)
  4 quasits (D:5)
  2 hounds (D:6)
  2 human zombies (Ossuary)
  Crazy Yiuf (D:2)
  3 iguanas
  Natasha (D:3)
  A hound zombie (Ossuary)
  3 mummies (Ossuary)
  9 adders
  A shadow imp (D:5)
  A white imp (D:5)
  4 ufetubi
  6 adder zombies (Ossuary)
  3 worms
  A dart slug (D:1)
  An orc (D:2)
  2 bats (D:2)
  6 endoplasms
  2 giant cockroaches
  A gnoll zombie (Ossuary)
  10 hobgoblins
  3 jackals (D:5)
  4 kobolds
  7 quokkas
  10 ball pythons
  A frilled lizard (D:1)
  2 goblins
  8 goblin zombies (Ossuary)
  2 hobgoblin zombies (Ossuary)
  4 jackal zombies (Ossuary)
  4 kobold zombies (Ossuary)
  2 orc zombies (Ossuary)
  4 rats
  3 rat zombies (Ossuary)
133 creatures vanquished.

Table legend:
 A = Non-vault XP
 B = Vault XP
 C = Vault XP percentage of total XP
 D = Non-vault monster count
 E = Vault monster count
 F = Vault count percentage of total count
                 A         B        C        D         E       F
            +---------+---------+-------+---------+---------+-------
      Total |     978 |    1140 |  53.8 |      78 |      51 |  39.5
            +---------+---------+-------+---------+---------+-------
        D:1 |      20 |       0 |   0.0 |      11 |       0 |   0.0
        D:2 |      38 |      40 |  51.3 |      15 |       1 |   6.2
        D:3 |     182 |     308 |  62.9 |      21 |       2 |   8.7
        D:4 |     305 |     169 |  35.7 |      16 |       1 |   5.9
        D:5 |     116 |     215 |  65.0 |       8 |       8 |  50.0
        D:6 |     317 |       0 |   0.0 |       7 |       0 |   0.0
    Ossuary |       0 |     408 | 100.0 |       0 |      39 | 100.0
            +---------+---------+-------+---------+---------+-------

Illustrated notes

Table legend:
 A = Kills in this place as a percentage of kills in the entire game.
 B = Kills by you in this place as a percentage of kills by you in the entire game.
 C = Kills by friends in this place as a percentage of kills by friends in the entire game.
 D = Other kills in this place as a percentage of other kills in the entire game.
 E = Experience gained in this place as a percentage of experience gained in the entire game.
 F = Experience gained in this place divided by the number of levels of this place that you have seen.
                   A       B       C       D       E      F
               +-------+-------+-------+-------+-------+----------------------
         Total | 100.0 | 100.0 |   N/A |   N/A | 100.0 | 264.8
       Dungeon |  69.8 |  69.8 |   N/A |   N/A |  80.7 | 285.0
       Ossuary |  30.2 |  30.2 |   N/A |   N/A |  19.3 | 408.0
               +-------+-------+-------+-------+-------+----------------------

Table legend: (Time is in decaauts)
 A = Elapsed time spent in this place.
 B = Non-inter-level travel time spent in this place.
 C = Inter-level travel time spent in this place.
 D = Time resting spent in this place.
 E = Time spent auto-exploring this place.
 F = Levels seen in this place.
 G = Mean time per level.
                   A        B        C        D        E       F      G
               +--------+--------+--------+--------+--------+-----+--------+
         Total |   4143 |   3781 |    362 |    156 |   2656 |   8 |  517.9 |
       Dungeon |   3718 |   3364 |    354 |    156 |   2402 |   6 |  619.7 |
        Temple |     27 |     20 |      7 |      0 |      3 |   1 |   27.0 |
       Ossuary |    397 |    397 |      0 |      0 |    251 |   1 |  397.0 |
               +--------+--------+--------+--------+--------+-----+--------+

Top non-repeatable levels by time:
     D:3: 1075 daAuts
     D:2: 887 daAuts
     D:1: 826 daAuts
     D:4: 421 daAuts
 Ossuary: 397 daAuts
     D:6: 366 daAuts
     D:5: 140 daAuts
  Temple: 27 daAuts
